 Dungeon Crawl Stone Soup version 0.26.0-45-g9c1d065592 (webtiles) character file.

Game seed: 11214355057540432317

167 trckry the Vandal (level 5, 0/45 HPs)
             Began as a Ghoul Hunter on Jan 27, 2021.
             Killed from afar by an orc wizard (5 damage)
             ... with a puff of flame
             ... on level 4 of the Dungeon.
             The game lasted 00:08:02 (3358 turns).

trckry the Vandal (Ghoul Hunter)                    Turns: 3358, Time: 00:08:03

Health: 0/45       AC: 11    Str: 17    XL:     5   Next: 48%
Magic:  4/4        EV:  5    Int:  6    God:
Gold:   113        SH:  0    Dex:  9    Spells: 4/4 levels left

rFire    . . .     SeeInvis .   a - +1 hunting sling
rCold    + . .     Faith    .   (no shield)
rNeg     + + +     Spirit   .   j - +1 plate armour
rPois    ∞         Reflect  .   (no helmet)
rElec    .         Harm     .   (no cloak)
rCorr    .         Rampage  .   (no gloves)
Will     .....                  (no boots)
Stlth    ..........             (no amulet)
HPRegen  0.00/turn              (no ring)
MPRegen  0.09/turn              (no ring)

@: confused
A: claws 1, cold resistance 1, negative energy resistance 3, inhibited
regeneration, torment resistance, unbreathing
a: no special abilities


You were on level 4 of the Dungeon.
You visited 1 branch of the dungeon, and saw 4 of its levels.

You collected 113 gold pieces.

Inventory:

Hand Weapons
 a - a +1 hunting sling (weapon)
 b - a +2 dagger of draining
 k - a +2 dagger of venom
Missiles
 d - 20 sling bullets
 f - 33 stones (quivered ammo)
Armour
 j - a +1 plate armour (worn)
Scrolls
 c - a scroll of immolation
 e - 3 scrolls of remove curse
 h - 7 scrolls of identify
 i - a scroll of teleportation
Potions
 m - 2 potions of heal wounds


   Skills:
 + Level 3.5 Fighting
 * Level 4.9 Slings
 + Level 2.0 Armour
 - Level 1.7 Dodging
 - Level 1.1 Stealth


You had 4 spell levels left.
You didn't know any spells.
Your spell library was empty.

Dungeon Overview and Level Annotations

Branches:
Dungeon (4/15)
 Temple: D:4-7

Altars:
Qazlal


Innate Abilities, Weirdness & Mutations

You thrive by killing the living.
You are immune to poison.
You have sharp fingernails.
Your flesh is cold resistant. (rC+)
You are immune to negative energy. (rN+++)
You do not regenerate when monsters are visible.
You are immune to unholy pain and torment.
You can survive without breathing.


Message History

The magic dart hits you but does no damage.
You see here a hand axe.
Something hits you but does no damage.
The orc wizard hits you but does no damage.
The orc wizard casts a spell at itself.
The orc wizard flickers and vanishes!
You hear some strange, mumbled words.
Something tries to affect you, but you resist.
The orc wizard points at you and mumbles some strange words.
You are confused.
You bump into the rock wall.
An orc wizard appears from thin air!
Reactivating autopickup.
Something hits you but does no damage.
Deactivating autopickup; reactivate with Ctrl-A.
You clumsily bash the orc wizard but do no damage.
The orc wizard is heavily wounded.
Something hits you but does no damage.
The orc wizard gestures at you while chanting.
The puff of flame hits you.
You die...

(.'(((o.....#.....#
..#.........#.....#
#.........#....)#
###########.....#
#...............#
#........(......#
#.......((......+
#.......o{......#
#####......(@o......#
##...#.....#'###.....#
#....#.....#...#.....#
#....#.....#.(.#.....#
#####...'.....#...'.....#
....#<..#.....#####.....#
....#...##..............#
....#....#................#
....'....#................+


You could see 2 orc wizards.

Vanquished Creatures
  6 adders
  3 gnolls
  An adder skeleton (D:4)
  4 worms
  A dart slug (D:1)
  2 leopard geckos
  2 orcs (D:4)
  A ball python (D:1)
  4 bats
  7 giant cockroaches
  8 goblins
  3 hobgoblins
  4 jackals (D:2)
  5 kobolds
  3 quokkas
  4 frilled lizards
  7 rats
65 creatures vanquished.

Notes
Turn   | Place    | Note
-------+----------+-------------------------------------------
     0 | D:1      | trckry the Ghoul Hunter began the quest for the Orb.
     0 | D:1      | Reached XP level 1. HP: 17/17 MP: 0/0
   285 | D:1      | Reached XP level 2. HP: 25/25 MP: 1/1
  1013 | D:2      | Reached skill level 4 in Slings
  1022 | D:2      | Reached skill level 1 in Armour
  1022 | D:2      | Reached XP level 3. HP: 28/30 MP: 2/2
  1387 | D:2      | Reached XP level 4. HP: 34/37 MP: 3/3
  2501 | D:3      | Reached XP level 5. HP: 45/45 MP: 4/4
  2590 | D:3      | Found a stormy altar of Qazlal.
  3347 | D:4      | HP: 5/45 [orc wizard/puff of flame (9)]
  3358 | D:4      | Killed from afar by an orc wizard

Illustrated notes

Levels and vault maps discovered:
D:1:      roderic_octagonal_star, layout_loops_ring, minivault_25
D:2:      layout_loops_ring
D:3:      minmay_wonky_spiral, layout_loops_ring, nicolae_overflow_crystal_walls
D:4:      layout_gridville, uniq_blork_the_orc

Skill      XL: |  1  2  3  4  5 |
---------------+----------------+-----
Slings         | 4 |  4.9
Armour         | 1 2 |  2.0
Fighting       | 3 |  3.5
Dodging        | |  1.7
Stealth        | |  1.1

Action                   |  1- 3 |  4- 6 || total
-------------------------+-------+-------++-------
Melee: Short sword       |    21 |       ||    21
       Hunting sling     |       |     4 ||     4
 Fire: Hunting sling     |   101 |   154 ||   255
  Use: Scroll            |       |     6 ||     6
       Potion            |       |     4 ||     4
Armor: Leather armour    |     9 |       ||     9
       Plate armour      |    22 |    82 ||   104
Dodge: Dodged            |    31 |    16 ||    47
